 Dungeon Crawl Stone Soup version 0.21.1-1-g345015f (webtiles) character file.

2173 nicolaieve the Cleaver (level 9, -1/105 HPs)
             Began as a Minotaur Berserker on July 16, 2018.
             Was an Elder of Trog.
             Slain by a killer bee (4 damage)
             ... on level 7 of the Dungeon.
             The game lasted 00:21:07 (4930 turns).

nicolaieve the Cleaver (Minotaur Berserker)         Turns: 4930, Time: 00:21:08

Health: -1/105     AC: 12    Str: 30    XL:     9   Next: 11%
Magic:  8/9        EV:  8    Int:  4    God:    Trog [****..]
Gold:   220        SH:  0    Dex: 10    Spells: 8/8 levels left

rFire    . . .     SeeInvis .   a - +1 hand axe
rCold    . . .     Gourm    .   (no shield)
rNeg     . . .     Faith    .   v - +1 plate armour
rPois    .         Spirit   .   (helmet restricted)
rElec    .         Reflect  .   (no cloak)
rCorr    +         Harm     .   (no gloves)
MR       .....                  (no boots)
Stlth    ..........             (no amulet)
HPRegen  0.27/turn              B - ring of stealth
MPRegen  0.11/turn              x - ring of resist corrosion

@: berserking (expiring), very quick
A: retaliatory headbutt, horns 2
a: Berserk, Trog's Hand, Brothers in Arms, Burn Spellbooks, Renounce Religion


You were on level 7 of the Dungeon.
You worshipped Trog.
Trog was greatly pleased with you.
You were hungry.

You visited 1 branch of the dungeon, and saw 7 of its levels.
You also visited: Ossuary.

You collected 220 gold pieces.

Inventory:

Hand Weapons
 a - a +1 hand axe (weapon)
Armour
 v - a +1 plate armour (worn)
Jewellery
 x - a ring of resist corrosion (right hand)
 z - an uncursed ring of see invisible
 B - a ring of stealth (left hand)
Wands
 b - a wand of polymorph (8)
 n - a wand of flame (58)
 y - a wand of random effects (40)
Scrolls
 f - 4 scrolls of enchant armour
 g - 3 scrolls of remove curse
 j - a scroll of amnesia {unknown}
 k - 3 scrolls of fog {unknown}
 l - 3 scrolls of magic mapping {unknown}
 m - 2 scrolls of fear {unknown}
 o - a scroll of blinking {unknown}
 p - 3 scrolls of teleportation {unknown}
 r - 4 scrolls of enchant weapon
 A - a scroll of random uselessness {unknown}
Potions
 d - 5 potions of might
 e - 4 potions of curing
 h - 3 potions of haste
 i - 2 potions of flight
 q - 2 potions of lignification
 s - a potion of agility
 t - 2 potions of heal wounds
 u - a potion of ambrosia
 w - a potion of mutation {unknown}
Comestibles
 c - 12 rations
 C - 15 chunks of flesh


   Skills:
 - Level 3.6 Fighting
 - Level 14.0 Axes
 - Level 2.4 Armour
 - Level 2.1 Dodging
 + Level 1.3 Evocations


You had 8 spell levels left.
You didn't know any spells.

Dungeon Overview and Level Annotations

Branches:
Dungeon (7/15)
 Temple: D:4-7

Altars:
Ashenzari
Elyvilon
Fedhas
Sif Muna

Annotations:
D:7 1 runed door


Innate Abilities, Weirdness & Mutations

You reflexively headbutt those who attack you in melee.
You have a pair of horns on your head.


Message History

You barely miss the orc warrior.
Unknown command.
You slice the killer bee!!
You kill the killer bee!
Trog accepts your kill.
Training target 14.0 for Axes reached!
Your Axes skill increases to level 14!
You hit the orc warrior.
You kill the orc warrior!
Trog accepts your kill.
Your Evocations skill increases to level 1!
A killer bee comes into view.
You barely miss the killer bee.
The killer bee buzzes angrily.
The killer bee barely misses you.
Unknown command.
You hit the killer bee. Your headbutt misses the killer bee.
The killer bee is lightly wounded.
You slash the killer bee! The killer bee stings you.
You die...

##.#
#.#.....#.........
#.##
#####'###.......##
#+#
#.##...##.......##
#..#..............
#..#..............
#..'.)............
#.##..............
#.##..............
#@##...##......###
#.yy##...#########
.Y..o.......
...##...##...(# ..
#...# ....# #...y
#.[.. .....


You could see an ice beast, 3 killer bees and an orc wizard.

Vanquished Creatures
  Grinder (D:3)
  Sigmund (D:4)
  2 orc warriors (D:7)
  A sky beast (D:6)
  2 ogres (D:4)
  2 centaurs (D:7)
  A big kobold (D:6)
  7 killer bees (D:7)
  A howler monkey (D:4)
  A quasit (D:7)
  A hound (D:5)
  2 jellies
  2 orc priests
  3 orc wizards
  Natasha (thrice) (D:4)
  2 worker ants
  The ghost of letownia2 the Insei, a weakling DsGl (D:3)
  12 mummies (Ossuary)
  Robin (D:3)
  A howler monkey skeleton (D:4)
  9 adders
  3 worms
  2 dart slugs
  7 leopard geckos
  15 orcs
  A ball python (D:4)
  3 giant cockroaches
  16 goblins
  9 hobgoblins
  2 jackals (D:1)
  16 kobolds
  4 quokkas
  6 bats
  3 frilled lizards
  2 gnoll skeletons (Ossuary)
  2 goblin skeletons (Ossuary)
  3 kobold skeletons (Ossuary)
  An orc skeleton (Ossuary)
  2 rats (D:3)
  11 rat skeletons (Ossuary)
164 creatures vanquished.

Notes
Turn   | Place    | Note
-------+----------+-------------------------------------------
     0 | D:1      | nicolaieve the Minotaur Berserker began the quest for the Orb.
     0 | D:1      | Reached XP level 1. HP: 19/19 MP: 0/0
    24 | D:1      | Reached skill level 4 in Axes
    94 | D:1      | Reached XP level 2. HP: 25/26 MP: 1/1
   566 | D:2      | Reached skill level 5 in Axes
   572 | D:2      | Reached XP level 3. HP: 30/31 MP: 2/2
   671 | D:2      | Reached ** piety under Trog
  1196 | D:3      | Reached skill level 6 in Axes
  1196 | D:3      | Reached XP level 4. HP: 35/39 MP: 3/3
  1232 | D:3      | Noticed letownia2's ghost (weakling DsGl)
  1244 | D:3      | Killed letownia2's ghost
  1294 | D:3      | Noticed Grinder
  1295 | D:3      | Paralysed by Grinder for 3 turns
  1304 | D:3      | Killed Grinder
  1304 | D:3      | Reached skill level 8 in Axes
  1304 | D:3      | Reached XP level 5. HP: 15/45 MP: 4/4
  1304 | D:3      | Reached XP level 6. HP: 17/51 MP: 5/5
  1588 | D:3      | Found a blossoming altar of Fedhas.
  1791 | D:3      | Noticed Robin
  1802 | D:3      | Killed Robin
  2128 | D:4      | Noticed Sigmund
  2142 | D:4      | Killed Sigmund
  2142 | D:4      | Reached *** piety under Trog
  2142 | D:4      | Reached skill level 9 in Axes
  2142 | D:4      | Reached XP level 7. HP: 32/57 MP: 6/6
  2196 | D:4      | Found a sand-covered staircase.
  2203 | Ossuary  | Entered an ossuary
  2302 | Ossuary  | Received a gift from Trog
  2365 | Ossuary  | Reached skill level 10 in Axes
  2506 | D:4      | Noticed Natasha
  2515 | D:4      | Killed Natasha
  2519 | D:4      | Noticed Natasha
  2523 | D:4      | Killed Natasha
  2611 | D:4      | Found a white marble altar of Elyvilon.
  2654 | D:4      | Reached skill level 11 in Axes
  2683 | D:4      | Noticed Natasha
  2691 | D:4      | Killed Natasha
  2921 | D:4      | Reached XP level 8. HP: 55/64 MP: 7/7
  3226 | D:5      | Entered Level 5 of the Dungeon
  3654 | D:5      | Reached **** piety under Trog
  4010 | D:6      | Reached skill level 12 in Axes
  4207 | D:6      | Found a shattered altar of Ashenzari.
  4207 | D:6      | Found a deep blue altar of Sif Muna.
  4678 | D:7      | Reached skill level 13 in Axes
  4869 | D:7      | Found a runed door.
  4919 | D:7      | Reached XP level 9. HP: 27/70 MP: 8/8
  4922 | D:7      | HP: 2/105 [orc warrior/scimitar (15)]
  4928 | D:7      | Reached skill level 14 in Axes
  4928 | D:7      | Reached skill level 1 in Evocations
  4930 | D:7      | Slain by a killer bee

Skill      XL: |  1  2  3  4  5  6  7  8  9 |
---------------+----------------------------+-----
Axes           | 4 5 6 8 9 11 13 14 | 14.0
Evocations     | 1 |  1.3
Fighting       | |  3.6
Armour         | |  2.4
Dodging        | |  2.1

Action                   |  1- 3 |  4- 6 |  7- 9 || total
-------------------------+-------+-------+-------++-------
Melee: Hand axe          |    64 |    84 |   280 ||   428
       Headbutt          |     8 |    14 |    48 ||    70
Invok: Berserk           |       |     1 |     4 ||     5
       Trog's Hand       |       |       |     1 ||     1
  Use: Scroll            |       |       |    12 ||    12
       Potion            |       |       |     2 ||     2
  Eat: Chunk             |     1 |     4 |     9 ||    14
       Ration            |       |       |     1 ||     1
Armor: Animal skin       |     1 |       |       ||     1
       Chain mail        |    31 |    44 |       ||    75
       Plate armour      |       |       |   109 ||   109
       Skin              |       |       |    32 ||    32
Dodge: Dodged            |    21 |    31 |    88 ||   140
